[Event "XLIX Sevilla Open 2024"]
[Site "?"]
[Date "2024.01.15"]
[Round "4.1"]
[White "Stella, Andrea"]
[Black "Stremavicius, Titas"]
[Result "1/2-1/2"]
[ECO "D35"]
[WhiteElo "2401"]
[BlackElo "2543"]
[Annotator "TA"]
[PlyCount "82"]
[EventDate "2024.01.12"]
[EventType "swiss"]
[SourceTitle "playchess.com"]
[Source "ChessBase"]
[SourceQuality "1"]
[TimeControl "5400+30"]

1. d4 d5 2. c4 e6 3. Nc3 Nf6 4. cxd5 exd5 5. Bg5 Bb4 6. e3 h6 7. Bh4 g5 {[%emt 0:00:09] D35: Queen's Gambit Declined: Exchange Variation.} 8. Bg3 Ne4 9. Qc2 h5 {[%emt 0:02:39] White has an edge.} 10. f3 Bxc3+ 11. bxc3 Nxg3 12. hxg3 Qd6 {[%emt 0:04:18] [#]} 13. g4 $1 h4 14. Nh3 {[%emt 0:00:04] [#]} Nc6 $146 ({Predecessor:} 14... Qe7 15. Kf2 O-O 16. Bd3 c5 17. Rae1 f6 18. e4 c4 19. Bf1 Qc7 20. e5 Kg7 {1-0 Ghazizadeh,A (1865)-Vagoohian,R (1770) IRI-ch (Women) 2014 (2)}) 15. Nxg5 Qe7 16. Nh3 Qxe3+ 17. Qe2 Qe7 18. Qxe7+ Kxe7 19. Nf4 Kd6 20. Bd3 Bd7 21. Kf2 (21. Kd2 $142) 21... Rab8 22. Rab1 Nd8 23. Rh2 {[%emt 0:05:54] White is much more active.} b5 24. g5 Ne6 25. Nxe6 Kxe6 26. Rbh1 (26. Ke3 $5) 26... b4 $1 27. c4 a5 (27... b3 $11 {remains equal.} 28. axb3 (28. Rxh4 Rxh4 29. Rxh4 b2 $15) 28... Rxb3 29. cxd5+ Ke7) 28. c5 (28. Re1+ $16 Kd6 29. c5+ Kc6 30. Bc2) 28... Ke7 29. Rxh4 (29. Bc2 $5 ) 29... Rxh4 30. Rxh4 $16 {[%emt 0:00:02][%mdl 4096] Endgame Black must now prevent g6. KRB-KRB} a4 $2 {[%emt 0:00:16] [#]} (30... b3 $14 31. axb3 Rxb3) 31. Rh1 (31. Rh7 $1 $18) 31... b3 32. a3 ({But not} 32. Re1+ $6 Kf8 $14) 32... b2 (32... Bb5 $16 33. Bb1 Rf8) 33. Bc2 $18 Bb5 34. Ke3 $2 ({White should try} 34. f4 $18) 34... Bc4 $11 {[%emt 0:01:20] The position is equal.} 35. Kd2 Ba2 {[%emt 0:01:00] Prevents Bb1} 36. Bb1 (36. Bxa4 $2 {perishes.} b1=Q 37. Rxb1 Rxb1 $19) 36... Bxb1 37. Rxb1 Rb3 38. Kc2 Rxa3 39. Rxb2 Ke6 40. Rb7 Kd7 41. Ra7 Ra2+ {[%emt 0:00:32] Weighted Error Value: White=0.24 (precise) /Black=0.24 (precise)} 1/2-1/2

[Event "XLIX Sevilla Open 2024"]
[Site "?"]
[Date "2024.01.15"]
[Round "4.2"]
[White "Petkov, Momchil"]
[Black "Sabuk, Piotr"]
[Result "1-0"]
[ECO "C70"]
[WhiteElo "2498"]
[BlackElo "2387"]
[Annotator "TA"]
[PlyCount "73"]
[EventDate "2024.01.12"]
[EventType "swiss"]
[SourceTitle "playchess.com"]
[Source "ChessBase"]
[SourceQuality "1"]
[TimeControl "5400+30"]

1. e4 e5 2. Nf3 Nc6 3. Bb5 a6 4. Ba4 Bc5 5. c3 Nge7 6. d4 {[%emt 0:00:45] C70: Ruy Lopez: 3...a6 4 Ba4, Norwegian and Delayed Schliemann.} exd4 7. cxd4 Bb4+ 8. Nc3 {[%emt 0:00:35] White is slightly better.} d5 9. e5 Bg4 10. a3 Ba5 11. Be3 O-O 12. Bc2 {[%emt 0:01:43][%cal Oc2h7] [#]} Bxc3+ $146 ({Predecessor:} 12... Nf5 13. Qd3 g6 14. O-O-O Bb6 15. Bg5 Qd7 16. Bf6 Nce7 17. h3 Bxf3 18. Qxf3 c5 19. g4 Ng7 20. Bxg7 Kxg7 21. Qf6+ {1-0 Sukandar,I (2358)-Peng,X (2489) Biel HTO 56th 2023 (2)}) 13. bxc3 Qd7 14. h3 Bf5 15. O-O Na5 16. Nh4 {[%emt 0:07:48] next Nxf5 is good for White.} Bxc2 17. Qxc2 f5 18. exf6 Rxf6 19. Bg5 Re6 (19... Rf7 $11 {keeps the balance.}) 20. f4 $1 $16 {[%emt 0:02:51][%cal Bf2f4,Bf4f5,Bf5f6][%mdl 32] Threatens to win with f5.} Rf8 21. Rae1 ({Better is} 21. f5 $14 Re4 22. Qd3) 21... Nc4 22. Rxe6 Qxe6 23. f5 Qf7 24. f6 Nd6 25. Rf3 (25. fxe7 $2 Qxf1+ 26. Kh2 Rf2 $19) (25. Qd3 $5 ) 25... Ng6 (25... Nec8 $1 $11 {remains equal.}) 26. Nf5 $1 Nxf5 27. Qxf5 (27. Rxf5 $6 Qe6 $11) 27... c6 28. h4 $36 {[%emt 0:03:11][%mdl 2048] Black must now prevent h5. White is on the roll. White is much more active.} gxf6 {[%emt 0:10:31] [#]} 29. Bh6 {[%emt 0:01:02] aiming for h5.} Re8 30. h5 {[%emt 0:00:50][%cal Of3g3] Rg3! would be deadly.} Ne7 $2 {[%emt 0:00:30][%mdl 8192] Black cannot hold the game after this.} (30... Re1+ $2 31. Kf2 Qe6 32. hxg6 $18 (32. Qxe6+ Rxe6 33. hxg6 hxg6 $16)) (30... Nf8 $16) 31. Rg3+ $18 {[%emt 0:02:37] Black is weak on the dark squares. White is clearly winning.} ({Less strong is} 31. Qxf6 Qxf6 32. Rxf6 Nc8 $16) 31... Kh8 {[%emt 0:00:10] [#]} 32. Qd7 Qxh5 33. Bg7+ Kg8 34. Bxf6+ {[%emt 0:00:23][%mdl 64] Discovered Attack} (34. Qxb7 $2 {is the wrong capture.} Ng6 35. Rh3 Qd1+ 36. Kh2 Re1 $19) 34... Kf7 35. Be5 {[%emt 0:07:51] Strongly threatening Rf3+.} Qd1+ 36. Kh2 {[%emt 0:00:05] Threatening mate with Rg7+.} Qh5+ 37. Rh3 {[%emt 0:00:14] Weighted Error Value: White=0.06 (flawless) /Black=0.28 (precise)} 1-0

[Event "XLIX Sevilla Open 2024"]
[Site "?"]
[Date "2024.01.15"]
[Round "4.3"]
[White "Basso, Pier Luigi"]
[Black "Starostits, Ilmars"]
[Result "1-0"]
[ECO "D85"]
[WhiteElo "2482"]
[BlackElo "2356"]
[Annotator "TA"]
[PlyCount "87"]
[EventDate "2024.01.12"]
[EventType "swiss"]
[SourceTitle "playchess.com"]
[Source "ChessBase"]
[SourceQuality "1"]
[TimeControl "5400+30"]

1. d4 Nf6 2. c4 g6 3. Nc3 d5 4. Nf3 Bg7 5. h3 O-O 6. cxd5 Nxd5 7. e4 Nxc3 8. bxc3 c5 9. Be2 b6 10. Be3 $1 {[%emt 0:03:04] The main line 10.Be3 scores better than 10.0-0. D85: Exchange Grünfeld: Unusual White 7th moves and lines with 7 Nf3.} Bb7 11. Qd3 ({Much worse is} 11. dxc5 Bxc3+ 12. Bd2 Bxa1 13. Qxa1 Nd7 $15) 11... Ba6 12. Qd2 {[%emt 0:01:17] The position is equal.} Bxe2 13. Kxe2 cxd4 14. cxd4 Nc6 15. Rac1 {[%emt 0:01:07] [#]} Rc8 $146 ({Predecessor:} 15... Qd7 16. Rhd1 Rac8 17. Kf1 Na5 {½-½ Wu,W (2570)-Ni,H (2534) CHN-chT Suzhou 2001 (5)}) 16. d5 Ne5 17. Nxe5 Bxe5 18. f4 Bg7 19. Rxc8 Qxc8 20. Rc1 {[%emt 0:00:09] Dodges Qc4+} Qd7 21. Qc2 f5 22. Qc6 Qxc6 23. Rxc6 fxe4 $14 {[%emt 0:00:09][%mdl 4096] Endgame KRB-KRB} 24. Rc7 Rd8 25. Rxa7 Rxd5 26. Bxb6 Rb5 27. Ra6 Rb2+ (27... Kf7 $11 {is superior.}) 28. Ke3 Rxg2 29. a4 Rg3+ 30. Kxe4 Rxh3 31. a5 Ra3 $2 {[%emt 0:00:18] [#]} (31... Kf7 $14) 32. Ra8+ $1 $18 {[%emt 0:00:15][%mdl 1024] White has strong compensation.} Kf7 33. a6 {[%emt 0:00:30] a7 is the strong threat.} Ra4+ $2 (33... h5 $16) 34. Kd3 $2 (34. Kd5 $18) 34... Ra3+ $2 (34... h5 $1 $11) 35. Kc4 h5 $2 (35... Ke6 36. a7 Kf5) 36. a7 {[%emt 0:00:09] White is clearly winning.} h4 37. Rd8 h3 38. Rd3 (38. a8=B $2 Rxa8 39. Rd2 (39. Rxa8 $2 h2 $19) 39... Ra4+ 40. Kd3 Rxf4 $19) 38... h2 {[%emt 0:01:18] [#] Threatens to win with ...Ra4+.} 39. Rxa3 h1=Q 40. a8=Q (40. a8=R $2 {too greedy.} Qf1+ 41. Kc5 Qxf4 $19) 40... Qf1+ 41. Kc5 {[%emt 0:00:36] Qd5+ would kill now.} Bf8 42. Kc6 Qxf4 43. Qa4 Qf6+ 44. Kb7 {[%emt 0:00:20] Weighted Error Value: White=0.13 (very precise) /Black=0.56} 1-0

[Event "XLIX Sevilla Open 2024"]
[Site "?"]
[Date "2024.01.15"]
[Round "4.5"]
[White "Nurkiewicz, Maciej"]
[Black "Kaasen, Tor Fredrik"]
[Result "1/2-1/2"]
[ECO "B60"]
[WhiteElo "2333"]
[BlackElo "2468"]
[Annotator "TA"]
[PlyCount "63"]
[EventDate "2024.01.12"]
[EventType "swiss"]
[SourceTitle "playchess.com"]
[Source "ChessBase"]
[SourceQuality "1"]
[TimeControl "5400+30"]

1. e4 c5 2. Nf3 d6 3. d4 cxd4 4. Nxd4 Nf6 5. Nc3 Nc6 6. Bg5 Bd7 7. Bxf6 gxf6 8. Qd2 {[%emt 0:06:30] B60: Sicilian: Richter-Rauzer: Unusual Black 6th moves and 6...Bd7 without 7 Qd2.} h5 9. f4 (9. Nf5 {looks sharper.} Qa5 10. Bb5 O-O-O 11. O-O) 9... Qb6 10. Nb3 {[%emt 0:00:31] White has an edge.} e6 {[%emt 0:01:33] Dodges Nd5} 11. O-O-O a6 {[%emt 0:02:52] [#]} 12. Kb1 $146 ({Predecessor:} 12. Be2 O-O-O 13. Rhf1 Be7 14. Rf3 Rdg8 15. Bf1 Rg4 16. Qe1 Kb8 17. Kb1 h4 18. h3 {1-0 Guseinov,G (2659)-Melnikova,Y (2264) Dubai op 11th 2009 (1)}) 12... O-O-O 13. Bc4 Kb8 14. Rhf1 Rc8 15. Rf3 Be7 16. a3 Na5 17. Nxa5 Qxa5 18. Bb3 f5 19. exf5 Qxf5 20. Ne2 Rhg8 21. Nd4 Qe4 {[%emt 0:01:47] [#]} (21... Qf6 $11 {keeps the balance.}) 22. f5 $1 $16 d5 (22... exf5 $2 23. Bxf7 Rgf8 24. Re3 $18 (24. Bxh5 Bf6 $16)) (22... Qe5 23. fxe6) 23. fxe6 fxe6 24. Rf7 $1 Rxg2 25. Qa5 {[%emt 0:00:14] Some like it hot} Qg4 $2 {[%emt 0:22:59] [#]} (25... Bd8 $16 {is a better defense.} 26. Qb4 Rc7) 26. Rd3 $1 $18 ({Not} 26. Qe1 Bh4 27. Qe5+ Ka8 $14) 26... Bd8 (26... Rxh2 $142 27. Qe1 (27. Rxe7 $2 {is the wrong capture.} Qg1+ 28. Ka2 Rh1 $19) 27... Bb5) 27. Qb4 Bb5 28. Qd6+ (28. a4 $18 {has better winning chances.} Rxh2 29. axb5 Rh1+ 30. Ka2) 28... Ka7 $16 29. Nxb5+ axb5 {[%emt 0:00:00] [#]} 30. Qd7 {[%emt 0:00:27] White is more active.} (30. Rdf3 $1 $16 {aiming for Qd7.} Qe4 31. Qd7) 30... Rc7 $11 31. Qxd8 Rxf7 32. Qa5+ {[%emt 0:00:13] Weighted Error Value: White=0.30/Black=0.35} 1/2-1/2

[Event "XLIX Sevilla Open 2024"]
[Site "?"]
[Date "2024.01.15"]
[Round "4.6"]
[White "Marin, Mihail"]
[Black "Butkiewicz, Lukasz"]
[Result "1-0"]
[ECO "A38"]
[WhiteElo "2449"]
[BlackElo "2338"]
[Annotator "TA"]
[PlyCount "85"]
[EventDate "2024.01.12"]
[EventType "swiss"]
[SourceTitle "playchess.com"]
[Source "ChessBase"]
[SourceQuality "1"]
[TimeControl "5400+30"]

1. Nf3 Nf6 2. b3 g6 3. Bb2 Bg7 4. g3 O-O 5. Bg2 c5 6. c4 Nc6 7. O-O d6 8. Nc3 Bd7 9. d3 {[%emt 0:00:52] A38: Symmetrical English vs ...g6: 4 Bg2 Bg7 5 Nf3 Nf6.} a6 10. Qd2 Rb8 11. Nd5 {[%emt 0:04:52] The position is equal.} Ne8 12. Bxg7 {[%emt 0:05:06] [#]} Nxg7 $146 ({Predecessor:} 12... Kxg7 13. h4 e6 14. Nf4 h6 15. d4 cxd4 16. Nxd4 Qf6 17. Nc2 Ne5 18. Nd4 Nc6 {0-1 San Segundo Carrillo,P-Djurhuus,R Wch U20 Gausdal 1986 (9)}) 13. d4 cxd4 14. Nxd4 Nxd4 15. Qxd4 Bc6 16. Rfd1 Re8 17. Rd2 {[%emt 0:04:25] White is much more active. The black rooks are badly placed.} Ne6 18. Qb2 Rc8 19. Rc1 a5 20. Bh3 Bd7 21. a3 Nc5 22. Bxd7 Nxd7 23. h4 h5 24. b4 axb4 25. axb4 Rc6 26. Qd4 Qc8 27. Rc3 Nf8 28. Kh2 Ne6 29. Qe4 b5 30. Rdc2 Rxc4 31. Rxc4 bxc4 32. Rxc4 Qb8 33. Qd3 Qb7 {[%emt 0:00:45] Repels Rc6} 34. g4 (34. f4 $16) 34... hxg4 $11 35. Rxg4 {[%emt 0:03:33] Threatens to win with h5.} Ng7 36. b5 {[%emt 0:00:23] [#] Strongly threatening b6.} (36. Qf3 $5 Qd7 37. e4 $14) 36... Rb8 37. b6 {[%emt 0:02:04] Ra4 would be deadly.} Kf8 $2 (37... Nh5 $1 $11) 38. Ra4 (38. Qd2 $18 {and White stays clearly on top.}) 38... e6 $2 (38... Qc6 $16 39. Ra7 e6) 39. Nf6 $18 {[%emt 0:00:07] White is clearly winning.} Ne8 40. Ra7 Nxf6 41. Qxd6+ Kg7 42. Rxb7 Rxb7 {[%emt 0:00:04] [#]} 43. Qc7 $3 {[%emt 0:08:26][%mdl 576] Promotion.   Weighted Error Value: White=0.16 (very precise) /Black=0.24 (precise)} 1-0

[Event "XLIX Sevilla Open 2024"]
[Site "?"]
[Date "2024.01.15"]
[Round "4.7"]
[White "Ouellet, Maili-Jade"]
[Black "Ceres, Dragos"]
[Result "1-0"]
[ECO "E71"]
[WhiteElo "2222"]
[BlackElo "2438"]
[Annotator "TA"]
[PlyCount "123"]
[EventDate "2024.01.12"]
[EventType "swiss"]
[SourceTitle "playchess.com"]
[Source "ChessBase"]
[SourceQuality "1"]
[TimeControl "5400+30"]

1. d4 Nf6 2. c4 g6 3. Nc3 Bg7 4. e4 d6 5. h3 O-O 6. Be3 e5 7. d5 Na6 {[%emt 0:00:07] 7...Na6 scores better than 7...a5.} 8. g4 {[%emt 0:00:18] E71: King's Indian: 4 e4 d6 5 h3.} Nc5 9. f3 a5 10. Qd2 {[%emt 0:01:36] White is slightly better.} Nfd7 11. h4 f5 12. gxf5 gxf5 13. exf5 Rxf5 14. O-O-O {[%emt 0:12:08] [#]} Qf8 $146 ({Predecessor:} 14... a4 15. Nh3 Kh8 16. Ng5 Qf8 17. Rg1 Nb6 18. Bxc5 dxc5 19. Bd3 Rf4 20. Nxh7 Qe7 {1-0 Gupta,A (2606)-Iskandarov,M (2601) Sharjah Masters 5th 2022 (4)}) 15. h5 h6 16. Bh3 Rf4 17. Bxf4 $18 exf4 18. Bxd7 Bxd7 19. Nge2 Be5 20. Rhg1+ Kh8 21. Nd4 a4 22. Rg2 a3 (22... Bf6 $142 23. Ncb5 (23. Qxf4 $2 Bg5 $19) 23... Rc8) 23. b3 {[%emt 0:02:13] And now Rdg1 would win.} Re8 (23... c6 $142 24. Rdg1 cxd5 25. cxd5 Rc8) 24. Rdg1 Re7 25. Nce2 Bg7 (25... Kh7 $142 26. b4 Na6 27. Qd3+ Kh8 28. Qxa3 Bg7) 26. Kd1 (26. Nxf4 $2 Qxf4 27. Qxf4 Nd3+ 28. Kd1 Nxf4 $19) 26... Be8 (26... Kh7 $142 27. Nxf4 (27. Qxf4 Qxf4 28. Rxg7+ Rxg7 $16) 27... Bf5) 27. Nxf4 ({Weaker is} 27. Qxf4 Qxf4 28. Nxf4 Bxd4 $17) 27... Qf6 28. Ng6+ Bxg6 29. Rxg6 Qf8 30. Kc1 Qf4 31. R6g4 Nd3+ 32. Kc2 Qxd2+ 33. Kxd2 Bxd4 34. Rxd4 {[%emt 0:00:21][%mdl 4096] Endgame KRR-KRN} Nb4 35. Rdg4 Kh7 36. R4g2 c6 37. dxc6 bxc6 38. Re2 Rf7 39. Reg2 $2 {[%emt 0:01:50] [#]} (39. Re6 $18) 39... Ra7 $2 (39... Re7 $11 40. f4 Na6) 40. Kd1 d5 41. cxd5 Nxd5 42. Kc1 Re7 43. Rg4 {[%emt 0:00:37] Repels Nf4} c5 44. Re4 Rf7 45. Re5 Nb4 {[%emt 0:00:30] [#] White must now prevent ...Nd3+.} 46. Kd2 {[%emt 0:00:19] Repels Nd3} ({Not} 46. Rxc5 Nd3+ 47. Kc2 Nxc5 $17) 46... Rc7 47. f4 Nxa2 48. f5 Rd7+ 49. Ke3 Nb4 50. Rxc5 a2 51. Ke4 Re7+ 52. Kd4 Ra7 53. Ra1 Kg7 54. Kc3 Rb7 55. Rc4 Nd5+ 56. Kb2 Nb4 57. Rf1 Kf6 58. Re4 Kg5 59. f6 {[%emt 0:00:27] White mates.} Nd3+ 60. Kxa2 Ra7+ 61. Kb1 Rf7 62. Re7 {[%emt 0:00:13] Black got outplayed after the opening.   Weighted Error Value: White=0.52/Black=0.44} 1-0

[Event "XLIX Sevilla Open 2024"]
[Site "?"]
[Date "2024.01.15"]
[Round "4.8"]
[White "Bilych, Olexiy"]
[Black "Goluch, Piotr"]
[Result "1-0"]
[ECO "B12"]
[WhiteElo "2427"]
[BlackElo "2313"]
[Annotator "TA"]
[PlyCount "89"]
[EventDate "2024.01.12"]
[EventType "swiss"]
[SourceTitle "playchess.com"]
[Source "ChessBase"]
[SourceQuality "1"]
[TimeControl "5400+30"]

1. e4 c6 2. d4 d5 3. e5 Bf5 4. Nf3 e6 5. Be2 Bb4+ 6. c3 {[%emt 0:00:06] B12: Caro-Kann: Advance Variation.} Ba5 7. Qb3 Qc8 8. Nh4 {[%emt 0:00:07] White is slightly better.} Bg6 9. O-O Nd7 {[%emt 0:01:58] [#]} 10. Nd2 $146 ({Predecessor:} 10. Be3 Bc7 11. Nd2 Ne7 12. f4 f6 13. Nxg6 hxg6 14. Nf3 Nf5 15. Bf2 Nf8 16. Bd3 {1-0 Hansen,M (2440)-Nielsen,T (1916) Copenhagen Challenge 2017 (9)}) 10... Bd8 11. Nxg6 hxg6 12. Nf3 Nh6 13. Qd1 {[%emt 0:02:09] White is more active.} a5 14. a4 Nf5 15. Re1 Be7 16. Bd3 Qd8 17. g3 Qb6 18. Kg2 Nb8 19. Re2 c5 20. dxc5 Bxc5 21. b4 axb4 (21... Be7 $16) 22. cxb4 $18 Be7 (22... Qxb4 $2 23. Ba3 Qg4 24. Bxc5 $18) 23. a5 Qd8 (23... Bxb4 $2 24. axb6 Rxa1 25. Bb5+ Nd7 26. Rc2 $18) (23... Qxb4 $2 24. Ra4 Qc5 25. Rc2 $18) 24. Qa4+ Nc6 25. Rc2 {[%emt 0:00:20] Threatens to win with Bb5.} O-O 26. Bd2 Nfd4 27. Nxd4 Nxd4 28. Rcc1 {[%emt 0:00:48] Black must now prevent b5.} f6 {[%emt 0:02:07] [#]} 29. exf6 Bxf6 30. Ra2 (30. Bxg6 Nf3 31. Bc3 Bxc3 32. Rxc3 Qf6 $11) 30... e5 31. Bxg6 {[%emt 0:00:37] Qd1 would be deadly.} Bg5 {[%emt 0:00:16] ...Qf6 is the strong threat.} 32. Bb1 ({White should play} 32. Bh5 $16) 32... Rxf2+ $2 33. Kxf2 Qf6+ {[%emt 0:00:04] [#]} 34. Kg1 $1 (34. Kg2 Qf3+ 35. Kh3 Qh5+ 36. Kg2 Qe2+ 37. Kh3 (37. Kh1 $2 {leads to mate.} Qf3+ 38. Kg1 Ne2#) 37... Qh5+ 38. Kg2 Qe2+ 39. Kh3 (39. Kh1 $2 Qf3+ 40. Kg1 Ne2#) 39... Qh5+ $11) 34... Nf3+ 35. Kg2 Nxd2 (35... Bxd2 36. Qb3 Bxc1 37. Qxd5+ (37. Qxf3 Qxf3+ 38. Kxf3 Kf8 $14) 37... Kf8 38. Qc5+ Kg8) 36. Qd1 e4 37. Rxd2 Qf3+ 38. Kh3 $1 Qf5+ 39. g4 Qf4 40. Rxd5 Qe3+ 41. Kg2 Qxc1 42. Qxc1 ({Not} 42. Bxe4 Qxd1 43. Rxd1 Rd8 $18) 42... Bxc1 43. Bxe4 g5 (43... Re8 $142 44. Bg6 Rb8) 44. Rd7 Rc8 45. Rxb7 {[%emt 0:00:14] Weighted Error Value: White=0.32/Black=0.40} 1-0

[Event "XLIX Sevilla Open 2024"]
[Site "?"]
[Date "2024.01.15"]
[Round "4.9"]
[White "Druska, Juraj"]
[Black "Iugina, Mariia"]
[Result "1-0"]
[ECO "C16"]
[WhiteElo "2468"]
[BlackElo "2043"]
[Annotator "TA"]
[PlyCount "93"]
[EventDate "2024.01.12"]
[EventType "swiss"]
[SourceTitle "playchess.com"]
[Source "ChessBase"]
[SourceQuality "1"]
[TimeControl "5400+30"]

1. e4 e6 2. d4 d5 3. Nc3 Bb4 4. e5 b6 5. h4 h6 6. h5 {[%emt 0:00:10] C16: French: 3 Nc3 Bb4 4 e5: Lines without ...c5.} Qd7 7. Qg4 Bf8 8. b4 {[%emt 0:01:56] White is slightly better.} Nc6 (8... Bxb4 9. Qxg7 Bxc3+ 10. Bd2 Bxa1 11. Qxh8 $18) (8... f5 $14 9. Qg6+ Qf7) 9. a3 $16 Bb7 10. Nf3 O-O-O 11. Bd3 Nge7 12. Ne2 {[%emt 0:04:31] [#]} Re8 $146 ({Predecessor:} 12... Kb8 13. Nf4 Nf5 14. c3 Nce7 15. Qh3 Nc8 16. a4 Rg8 17. g4 Nfe7 18. Qf1 Nc6 {1-0 Boleslavsky,I-Yukhtman,J Moscow 1956}) 13. Qf4 ({White should play} 13. c3) 13... Nd8 (13... g5 $142 14. hxg6 (14. Qxf7 Nd8 $11) 14... Nxg6) 14. g4 {[%emt 0:00:45] Black is weak on the dark squares} (14. a4 $142) 14... Kb8 15. Rb1 Rg8 16. Bh7 Rh8 17. Bd3 Rg8 $1 18. Qg3 Ka8 19. Be3 Bc6 (19... f6 $142) 20. b5 Bb7 21. a4 c6 22. c3 {[%emt 0:02:00] White has more active pieces.} f6 (22... Bc8 $16 {might work better.} 23. Nd2 Nb7) 23. Nh4 (23. Ra1 $18) 23... fxe5 24. dxe5 {[%emt 0:00:01] Threatens to win with 0-0. White now steadily converts the win.} c5 (24... cxb5 $16 {keeps fighting.} 25. Bxb5 Bc6) 25. O-O $18 Nf7 26. f4 d4 27. cxd4 Nd5 28. Bf2 cxd4 29. Nxd4 {[%emt 0:02:18][%cal Oa4a5] a5! would be deadly.} (29. Bxd4 Rc8 $16) 29... Nc3 (29... Bc5 $142) 30. Rbe1 {[%emt 0:00:54][%cal Od4c6] Strongly threatening Nc6!} Bc5 31. Nc6 Bxf2+ (31... Bxc6 $142 32. Bh7 (32. bxc6 Qxc6 33. Bg6 Re7 $16) 32... Bb7 33. Qxc3 Rc8) 32. Rxf2 Nd8 (32... Bxc6 $2 33. bxc6 (33. Bh7 Bd5 $16) 33... Qc7 34. Bb5 $18) 33. Bf1 Nd5 (33... Nxc6 $142 34. Qxc3 Nd4) 34. a5 {[%emt 0:00:02][%cal Ba4a5,Ba5a6][%mdl 32] Hoping for Nxd8.} Nxc6 35. a6 ({Much less strong is} 35. bxc6 $6 Qxc6 36. a6 Bc8 $18) 35... Bc8 (35... Ncb4 {was necessary.} 36. axb7+ Kxb7) 36. bxc6 Qxc6 37. f5 Kb8 (37... Qa4 $142 38. Ng6 Bxa6 39. Bxa6 Qxa6) 38. Ng6 {[%emt 0:06:24] White is clearly winning.} Qc7 39. Kh2 Rd8 40. f6 gxf6 (40... Nb4 $142 41. f7 Rgf8 42. Nxf8 Rxf8) 41. exf6 Qxg3+ 42. Kxg3 Rgf8 43. f7 Kc7 44. Bc4 Bd7 45. Bxd5 exd5 46. Nxf8 Rxf8 {[%emt 0:00:04] [#]} 47. g5 $1 {[%emt 0:00:05] Weighted Error Value: White=0.25 (precise) /Black=0.47} 1-0

[Event "XLIX Sevilla Open 2024"]
[Site "?"]
[Date "2024.01.15"]
[Round "4.10"]
[White "Midoux, Sebastien"]
[Black "Pap, Misa"]
[Result "1-0"]
[ECO "B31"]
[WhiteElo "2123"]
[BlackElo "2422"]
[Annotator "TA"]
[PlyCount "141"]
[EventDate "2024.01.12"]
[EventType "swiss"]
[SourceTitle "playchess.com"]
[Source "ChessBase"]
[SourceQuality "1"]
[TimeControl "5400+30"]

1. e4 c5 2. Nf3 Nc6 3. Bb5 g6 4. Bxc6 bxc6 5. O-O Bg7 6. c3 Nh6 7. d4 {[%emt 0:02:13] B31: Sicilian: 2...Nc6 3 Bb5 g6.} cxd4 8. cxd4 d5 9. Qa4 {[%emt 0:15:59] White has an edge.} Bd7 10. Ne5 dxe4 {[%emt 0:00:44] [#]} 11. Bxh6 $146 (11. Nxc6 Qc7 12. d5 Ng4 $17) ({Predecessor:} 11. Nc3 Nf5 12. Nxe4 O-O 13. Nc5 Be8 14. Be3 Qd5 15. Nf3 e5 16. Rad1 exd4 17. Na6 {0-1 Le Gallo,F (1959)-Wirig,A (2408) Rohde op 04th 2004 (5)}) 11... Bxh6 12. Nc3 (12. Nxc6 Qb6 13. d5 Rc8 $17) 12... O-O 13. Nxd7 (13. Nxe4 $11 Bf4 14. Rfe1 (14. Nxc6 Bxh2+ {[%mdl 64] Decoy} 15. Kxh2 Qc7+ 16. Kg1 Bxc6 $15)) 13... Qxd7 $15 14. d5 f5 (14... e3 $15 {is superior.}) 15. dxc6 $11 Qe6 {[%emt 0:01:17] Dodges Qc4} 16. Rad1 Bf4 (16... Rfc8 $11 {remains equal.}) 17. Nd5 $36 {[%emt 0:08:49][%mdl 2048] White is in control.} Bd6 18. f4 {[%emt 0:00:15] Repels Qe5} (18. b4 $16) 18... exf3 19. Rxf3 Qe5 20. Qh4 {[%emt 0:00:47] Active counter play!} (20. Qc4 $14) 20... Rf7 (20... e6 $11 21. Rh3 Rf7 22. Nf6+ Qxf6 23. Qxf6 (23. Rxd6 Qxb2 24. Rxe6 f4 $11) 23... Bc5+ 24. Qd4 Bxd4+ 25. Rxd4 Rc7) 21. b4 $1 $14 Rc8 ({Black should play} 21... g5 $14 22. Qh5 (22. Qxg5+ Rg7 $11) 22... Qe2) 22. Re3 $16 {[%emt 0:02:15][%mdl 64] Skewer} Qg7 23. Qc4 {[%emt 0:00:09] Black is weak on the light squares} Kh8 24. b5 f4 25. Re6 f3 {[%emt 0:00:22] Against Qe2} 26. gxf3 Rxf3 {[%emt 0:01:41][%cal Od6h2] [#]} 27. Rxd6 exd6 $11 28. Qd4 $1 Qxd4+ 29. Rxd4 {[%emt 0:00:02][%mdl 4096] Endgame KRR-KRN} Rcf8 30. Rd2 Rf1+ 31. Kg2 Rc1 32. a4 Rc5 33. c7 $2 {[%emt 0:01:36] [#]} (33. h4 $15) 33... Kg7 $2 (33... Rc8 $1 $19 {...Kg7 is the strong threat.} 34. h4 Kg7) 34. a5 $1 $15 {[%emt 0:02:35] Black must now prevent b6.} Rxb5 35. Ne7 {[%emt 0:00:04] Dodges Rc8} Rg5+ ({Don't play} 35... Rxa5 36. c8=Q Rxc8 37. Nxc8 $16) (35... Rc5 {simplifies} 36. c8=Q Rcxc8 37. Nxc8 Rxc8 38. Rxd6 Rc7) 36. Kh3 Rc5 ({But not} 36... Rxa5 37. c8=Q Ra3+ 38. Kg2 Rxc8 39. Nxc8 $16) (36... Rh5+ {with more complications.} 37. Kg3 Rc5 38. c8=Q Rfxc8 39. Nxc8 Rxc8 40. Rxd6 Rc3+) 37. c8=Q Rfxc8 (37... Rcxc8 {simplifies} 38. Nxc8 Rxc8 39. Rxd6 Rc3+) 38. Nxc8 Rxc8 39. Rxd6 {[%emt 0:00:13] KR-KR} Rc7 40. Kg4 Kh6 41. Ra6 Rf7 42. Rd6 Rb7 43. Ra6 Rc7 44. Rd6 Rc4+ 45. Kg3 Rc7 46. Kg4 Kg7 47. Ra6 Kf7 48. Kg5 Ke8 49. Kh6 Kd8 50. Rf6 Kc8 51. Rd6 Re7 52. Rc6+ Kb7 53. Rf6 Re2 54. a6+ Kc7 55. Kxh7 Rxh2+ 56. Kxg6 Re2 57. Kg5 Rb2 58. Rf7+ Kb6 $2 (58... Kb8 $11) 59. Rb7+ {[%emt 0:00:04][%mdl 64] Skewer. White mates.} Kxa6 60. Rxb2 {[%emt 0:00:01] KR-KP} Ka5 61. Kf4 Ka4 62. Ra2+ Kb3 63. Rxa7 {[%emt 0:00:03] KR-K} Kc4 64. Rd7 Kc5 65. Ke5 Kc6 66. Rd5 Kc7 67. Rc5+ Kb6 68. Kd6 Kb7 69. Rb5+ Ka6 70. Kc6 Ka7 71. Rb1 {[%emt 0:00:03] Weighted Error Value: White=0.22 (precise) /Black=0.27 (precise)} 1-0